 Dungeon Crawl Stone Soup version 0.17.1-3-g152610e (console) character file.

179 Sehdowjr the Magician (level 5, -2/28 HPs)
             Began as a Deep Elf Wizard on Mar 24, 2016.
             Slain by Sigmund
             ... wielding a +0 scythe of slicing
              (10 damage)
             ... on level 3 of the Dungeon.
             The game lasted 00:14:45 (2291 turns).

Sehdowjr the Magician (Deep Elf Wizard)             Turns: 2291, Time: 00:14:46

Health: -2/28      AC:  2    Str:  4    XL:     5   Next: 33%
Magic:  1/16       EV: 13    Int: 24    God:
Gold:   146        SH:  0    Dex: 13    Spells: 1 memorised, 16 levels left

rFire  . . .     SeeInvis .     (no weapon)
rCold  . . .     Clarity  .     a - +0 robe
rNeg   . . .     SustAt   .     (no shield)
rPois  .         Gourm    .     b - +0 hat
rElec  .         Spirit   .     (no cloak)
rCorr  .         Warding  .     (no gloves)
rMut   .         Stasis   .     (no boots)
MR     .....                    (no amulet)
Stlth  ++........               (no ring)
                                (no ring)

@: very slightly contaminated, not resistant to hostile enchantments, unstealthy
A: no striking features
a: no special abilities


You were on level 3 of the Dungeon.
You were not hungry.

You visited 1 branch of the dungeon, and saw 3 of its levels.

You collected 146 gold pieces.

Inventory:

Armour
 a - a +0 robe (worn)
 b - a +0 hat (worn)
Jewellery
 h - a cursed ring of loudness {unknown}
Wands
 r - a wand of fireball (8)
Scrolls
 e - 3 scrolls of amnesia {unknown}
 k - 2 scrolls of identify {unknown}
 m - a scroll of immolation {unknown}
 o - a scroll of blinking {unknown}
 p - a scroll of teleportation {unknown}
 q - a scroll of remove curse {unknown}
Potions
 g - 2 potions of resistance {unknown}
 i - a potion of lignification {unknown}
 j - a potion of curing {unknown}
 n - a potion of cancellation {unknown}
 t - a potion of berserk rage {unknown}
Books
 c - a book of Minor Magic

   Spells                             Type                      Level
   a - Magic Dart                     Conjuration                  1
   b - Blink                          Translocation                2
   c - Call Imp                       Summoning                    2
   d - Repel Missiles                 Charms/Air                   2
   e - Slow                           Hexes                        2
   f - Conjure Flame                  Conjuration/Fire             3
   g - Mephitic Cloud                 Conjuration/Poison/Air       3
Comestibles
 d - 3 bread rations
 f - 8 fruits
 l - a beef jerky
 s - a meat ration


   Skills:
 - Level 2.9 Dodging
 - Level 2.5 Stealth
 + Level 6.6 Spellcasting
 + Level 3.7 Conjurations
   Level 1.1 Summonings
   Level 1.1 Translocations


You had 16 spell levels left.
You knew the following spells:

 Your Spells              Type           Power        Failure   Level  Hunger
a - Magic Dart            Conj           ####         1%          1    None


Dungeon Overview and Level Annotations

Branches:
Dungeon (3/15)

Altars:

Annotations:
D:3 Sigmund


Message History

The jackal is severely wounded.
Something hits you.
Casting: Magic Dart
Confirm with . or Enter, or press ? or * to list all spells.
Aiming: Magic Dart
Press: ? - help, Shift-Dir - straight line, f/p - jackal
Aim: a jackal (severely wounded)
The magic dart hits the jackal.
You kill the jackal!
Something hits you.
A jackal comes into view.
The jackal moves out of view.
The jackal barks!
The jackal is too close now for your liking.
A jackal is nearby!
Something hits you.
You miss something. The jackal bites you.
* * * LOW HITPOINT WARNING * * *
The jackal closely misses you. Something hits you!
You die...

.. #.......#.#### #
#.#####.....#...# #
....###.[..#.##.###
##........#.#.......
....####.#.####.###
......#†#......# #
#.####...#.#.########
# #.../h...#...#
#.####@#####)#
#...#...# #.#.#.###
#.#...# #.#####
#.######## #.†......#
#..#####. #..####


You could see a jackal.

Vanquished Creatures
  Jessica (D:3)
  An orc wizard (D:3)
  7 adders
  An ooze (D:1)
  A worm (D:2)
  2 orcs (D:3)
  11 bats
  6 hobgoblins (D:1)
  5 jackals (D:3)
  2 quokkas
  A ball python (D:2)
  A giant gecko (D:2)
  6 giant newts
  11 goblins
  3 kobolds (D:1)
  6 rats
65 creatures vanquished.

Notes
Turn   | Place    | Note
--------------------------------------------------------------
     0 | D:1      | Sehdowjr the Deep Elf Wizard began the quest for the Orb.
     0 | D:1      | Reached XP level 1. HP: 10/10 MP: 7/7
   359 | D:1      | Reached XP level 2. HP: 15/15 MP: 2/9
   450 | D:1      | Reached skill level 5 in Spellcasting
   639 | D:1      | Reached XP level 3. HP: 19/19 MP: 4/11
  1501 | D:2      | Reached XP level 4. HP: 24/24 MP: 6/13
  1703 | D:2      | Reached skill level 6 in Spellcasting
  1717 | D:2      | Found a faded altar to an unknown god.
  2059 | D:3      | Noticed Jessica
  2075 | D:3      | Killed Jessica
  2075 | D:3      | Reached XP level 5. HP: 24/28 MP: 1/15
  2261 | D:3      | Noticed Sigmund
  2291 | D:3      | Slain by Sigmund

Action                   |  1- 3 |  4- 6 || total
-------------------------+-------+-------++-------
Melee: Unarmed           |     1 |     8 ||     9
 Cast: Magic Dart        |    92 |    77 ||   169
  Eat: Chunk             |     1 |     3 ||     4
